details: 'Militia BS vs NotLD BS GG NORE [Quality]'

« prev index next »

General information

Mini Map

Players

team 1
Random» NightElfK1LL (pink | 54 APM | 1194 actions | 22:17)
Hero icon 4 Keeper of the Grove
Ability icon 2 Entangling Roots
Ability icon 2 Force of Nature

» actions
Basic commands65
Build / train63
Enter build submenu17
Enter hero's abilities submenu4
Right click615
Select / deselect360
Use ability70
1194 total
» units
Wisp18
Huntress9
Archer6
Hippogryph4
Glaive Thrower3
Chimaera1
41 total
» upgrades
Strength of the Moon2
Moon Armor2
Ultravision1
Hippogryph Taming1
Improved Bows1
7 total
» buildings
Altar of Elders1
Moon Well7
Ancient of War2
Hunter's Hall1
Tree of Life1
Tree of Ages1
Ancient of Wonders1
Ancient of Wind2
Tree of Eternity1
Ancient Protector1
Chimaera Roost1
19 total
» build order
00:20 Altar of Elders
00:29 Moon Well
00:35 Ancient of War
01:51 Moon Well
02:13 Hunter's Hall
02:24 Ancient of War
02:40 Moon Well
03:15 Moon Well
06:30 Tree of Life
08:14 Tree of Ages
09:14 Ancient of Wonders
10:58 Ancient of Wind
11:00 Ancient of Wind
11:47 Tree of Eternity
13:12 Ancient Protector
13:55 Moon Well
14:24 Chimaera Roost
17:36 Moon Well
17:39 Moon Well
» items
Scroll of Regeneration1
Scroll of Town Portal6
Potion of Healing1
8 total
NightElfchuchoelroto (blue | 31 APM | 693 actions | 22:17)
Hero icon 3 Goblin Tinker
Ability icon 1 Cluster Rockets
Ability icon 1 Pocket Factory
Ability icon 1 Engineering Upgrade

» actions
Assign group hotkey9
Basic commands57
Build / train21
Enter build submenu9
Enter hero's abilities submenu3
Give item / drop item5
Right click239
Select / deselect134
Select group hotkey174
Use ability42
693 total
» units
Wisp8
Archer5
Huntress1
14 total
» buildings
Altar of Elders1
Moon Well3
Ancient of War2
Ancient of Wonders1
Hunter's Hall1
Tree of Ages1
Tree of Life1
10 total
» build order
00:15 Altar of Elders
00:24 Moon Well
00:52 Ancient of War
01:26 Moon Well
01:47 Ancient of Wonders
02:29 Ancient of War
02:43 Moon Well
04:33 Hunter's Hall
05:36 Tree of Ages
11:09 Tree of Life
» items
Rod of Necromancy1
Boots of Speed1
2 total
Random» HumanShaman_Noodles (green | 24 APM | 525 actions | 22:17)
Hero icon 3 Mountain King
Ability icon 2 Storm Bolt
Ability icon 1 Bash

» actions
Assign group hotkey12
Basic commands26
Build / train32
Enter build submenu19
Enter hero's abilities submenu3
Remove unit from queue1
Right click170
Select / deselect168
Select group hotkey66
Use ability28
525 total
» units
Peasant6
Footman13
Rifleman1
20 total
» upgrades
Defend1
1 total
» buildings
Altar of Kings1
Farm6
Barracks2
Lumber Mill1
Scout Tower1
Guard Tower1
Keep2
Arcane Vault1
Castle1
Blacksmith1
Town Hall1
18 total
» build order
00:26 Altar of Kings
00:27 Farm
00:35 Barracks
01:51 Farm
02:34 Farm
03:03 Lumber Mill
03:42 Farm
03:46 Scout Tower
04:27 Barracks
04:29 Guard Tower
04:51 Keep
05:36 Farm
08:41 Arcane Vault
08:51 Castle
08:58 Blacksmith
10:48 Town Hall
12:09 Farm
12:57 Keep
Random» UndeadG2390GY329GAP03 (purple | 68 APM | 1527 actions | 22:19)
Hero icon 1 Dreadlord
Ability icon 1 Vampiric Aura

» actions
Assign group hotkey14
Basic commands146
Build / train49
Enter build submenu20
Enter hero's abilities submenu1
Right click772
Select / deselect284
Select group hotkey215
Use ability26
1527 total
» units
Acolyte12
Ghoul23
35 total
» upgrades
Unholy Strength1
Unholy Armor1
2 total
» buildings
Crypt3
Ziggurat8
Altar of Darkness1
Graveyard1
Tomb of Relics1
Spirit Tower3
Halls of the Dead1
Arcane Tower1
Necropolis1
20 total
» build order
00:13 Crypt
00:17 Ziggurat
00:48 Altar of Darkness
01:12 Graveyard
01:44 Tomb of Relics
02:22 Crypt
02:28 Crypt
02:40 Ziggurat
03:07 Ziggurat
04:45 Ziggurat
07:22 Spirit Tower
08:41 Halls of the Dead
09:45 Ziggurat
13:18 Spirit Tower
15:52 Ziggurat
15:59 Ziggurat
16:04 Ziggurat
17:51 Arcane Tower
17:54 Spirit Tower
20:49 Necropolis
» items
Scroll of Town Portal2
Ivory Tower1
Scroll of Regeneration1
Potion of Healing1
5 total
team 2
Random» Orccvan. (orange | 31 APM | 183 actions | 05:54)
Hero icon 2 Tauren Chieftain
Ability icon 1 Shockwave
Ability icon 1 Endurance Aura

» actions
Assign group hotkey19
Basic commands2
Build / train18
Enter build submenu11
Enter hero's abilities submenu2
Remove unit from queue1
Right click56
Select / deselect43
Select group hotkey16
Use ability15
183 total
» units
Peon9
Grunt2
11 total
» buildings
Altar of Storms1
Orc Burrow3
Barracks1
War Mill1
Voodoo Lounge1
Watch Tower3
Great Hall1
Stronghold1
12 total
» build order
00:05 Altar of Storms
00:26 Orc Burrow
01:12 Barracks
01:41 War Mill
01:51 Orc Burrow
02:01 Voodoo Lounge
03:13 Watch Tower
03:47 Great Hall
04:18 Watch Tower
04:26 Watch Tower
05:09 Stronghold
05:14 Orc Burrow
» items
Healing Salve1
Lesser Clarity Potion1
2 total
Random» HumanXxDodgemanxX (red | 32 APM | 704 actions | 22:17)
Hero icon 3 Archmage
Ability icon 2 Blizzard
Ability icon 1 Brilliance Aura
Hero icon 1 Tauren Chieftain
Ability icon 1 Endurance Aura
Hero icon 2 Blood Mage
Ability icon 1 Flame Strike
Ability icon 1 Banish

» actions
Basic commands5
Build / train44
Enter build submenu28
Enter hero's abilities submenu7
Remove unit from queue2
Right click320
Select / deselect245
Use ability53
704 total
» units
Peasant7
Rifleman15
22 total
» upgrades
Gunpowder2
Masonry1
Long Rifles1
Lumber Harvesting1
Armor1
6 total
» buildings
Altar of Kings1
Farm10
Barracks1
Blacksmith1
Keep2
Lumber Mill2
Arcane Vault1
Scout Tower29
Guard Tower2
Town Hall1
Castle1
51 total
» build order
00:20 Altar of Kings
00:35 Farm
01:13 Farm
01:39 Barracks
01:43 Blacksmith
01:51 Farm
01:57 Farm
02:04 Farm
03:16 Keep
03:57 Lumber Mill
04:04 Arcane Vault
06:50 Lumber Mill
06:57 Scout Tower
07:00 Scout Tower
07:02 Scout Tower
07:04 Scout Tower
07:06 Scout Tower
07:09 Scout Tower
07:14 Scout Tower
07:16 Scout Tower
07:17 Scout Tower
07:19 Scout Tower
07:21 Scout Tower
08:10 Guard Tower
08:59 Town Hall
09:52 Farm
09:54 Farm
09:55 Farm
09:57 Farm
09:59 Farm
10:51 Scout Tower
10:52 Scout Tower
10:55 Scout Tower
10:55 Scout Tower
12:20 Guard Tower
13:11 Keep
13:28 Scout Tower
13:31 Scout Tower
13:32 Scout Tower
13:33 Scout Tower
13:34 Scout Tower
13:36 Scout Tower
13:37 Scout Tower
13:39 Scout Tower
13:40 Scout Tower
13:41 Scout Tower
13:42 Scout Tower
13:43 Scout Tower
13:44 Scout Tower
13:44 Scout Tower
16:43 Castle
18:04 Guard Tower
» items
Scroll of Regeneration2
2 total
Random» Humanskillz19 (teal | 47 APM | 1056 actions | 22:17)
Hero icon 5 Paladin
Ability icon 3 Divine Shield
Ability icon 2 Holy Light
Hero icon 4 Archmage
Ability icon 3 Blizzard
Ability icon 1 Summon Water Elemental
Hero icon 1 Tauren Chieftain
Ability icon 1 Shockwave

» actions
Assign group hotkey30
Basic commands55
Build / train97
ESC pressed21
Enter build submenu49
Enter hero's abilities submenu10
Right click163
Select / deselect342
Select group hotkey201
Use ability88
1056 total
» units
Peasant12
Rifleman18
Grunt11
Flying Machine2
Mortar Team8
Shaman8
Tauren6
65 total
» upgrades
Gunpowder2
Plating2
Armor2
Melee Weapons2
Shaman Training2
Long Rifles1
Ranged Weapons1
Pulverize1
13 total
» buildings
Altar of Kings1
Farm13
Blacksmith2
Barracks1
Lumber Mill1
Keep1
Scout Tower9
Arcane Tower2
Fortress1
Spirit Lodge2
Guard Tower1
Workshop1
Castle2
Tauren Totem2
Orc Burrow5
Town Hall2
46 total
» build order
00:13 Altar of Kings
00:14 Farm
00:51 Blacksmith
00:57 Blacksmith
01:50 Barracks
02:09 Farm
02:12 Farm
02:48 Lumber Mill
02:57 Farm
03:47 Keep
04:34 Scout Tower
04:44 Scout Tower
05:46 Farm
06:26 Farm
07:02 Scout Tower
07:08 Farm
07:36 Arcane Tower
08:52 Scout Tower
09:25 Fortress
09:26 Spirit Lodge
09:46 Guard Tower
09:47 Farm
09:53 Workshop
10:36 Castle
11:03 Spirit Lodge
11:20 Farm
11:48 Tauren Totem
11:59 Farm
12:43 Scout Tower
12:47 Farm
13:16 Tauren Totem
13:26 Orc Burrow
13:43 Arcane Tower
13:45 Scout Tower
13:53 Farm
15:07 Orc Burrow
16:38 Orc Burrow
17:18 Castle
18:53 Farm
19:00 Orc Burrow
19:02 Orc Burrow
19:17 Town Hall
20:47 Scout Tower
20:48 Scout Tower
20:49 Scout Tower
22:03 Town Hall
HumanMariahCarey (yellow | 8 APM | 49 actions | 06:25)
Hero icon 1 Archmage
Ability icon 1 Blizzard

» actions
Basic commands5
Build / train9
Enter build submenu3
Enter hero's abilities submenu1
Right click7
Select / deselect17
Use ability7
49 total
» units
Peasant7
7 total
» buildings
Altar of Kings1
Farm2
3 total
» build order
00:12 Altar of Kings
00:25 Farm
01:15 Farm

Chat log

(00:02 / All) G2390GY329GAP03: MOTHER SEX
(00:05 / All) XxDodgemanxX: your gay purple
(00:14 / Allies) K1LL: nice name yellow
(00:15 / All) G2390GY329GAP03: MOTHER FUCK YOU BITCH
(00:22 / All) G2390GY329GAP03: I'LL RAPE UR MOMMY
(00:22 / Allies) K1LL: rush?
(00:28 / All) XxDodgemanxX: come then
(00:34 / Allies) G2390GY329GAP03: I REALLY WILL
(00:37 / Allies) G2390GY329GAP03: YOU SON OF A BITCH
(00:38 / Allies) chuchoelroto: rush or cc?
(00:44 / Allies) K1LL: I'd like to rush
(00:46 / Allies) K1LL: up to u guys
(00:49 / Allies) G2390GY329GAP03: RUSH
(00:53 / Allies) G2390GY329GAP03: RUSH OR IM GONA KILL YOU
(01:03 / Allies) K1LL: hunts
(01:19 / Allies) G2390GY329GAP03: POOL ME GOLD
(01:22 / Allies) G2390GY329GAP03: OR I WILL KILL YOU
(01:30 / Allies) G2390GY329GAP03: BLUE PINK GREEN I'M SERIOUS
(01:39 / Allies) G2390GY329GAP03: YOU THINK ITS A JOKE?
(01:42 / Allies) K1LL: give me some wood
(01:48 / Allies) G2390GY329GAP03: PINK IS SAVED
(01:55 / Allies) G2390GY329GAP03: BLUE IS SAVED
(01:59 / Allies) K1LL: give me some wood bre
(02:00 / Allies) G2390GY329GAP03: GREEN YOU HAVE TILL MIDDLE NIGHT
(02:04 / Allies) G2390GY329GAP03: TO 100 GOLD ME
(02:06 / Allies) Shaman_Noodles: what do you want lum or gold
(02:15 / Allies) G2390GY329GAP03: GOLD
(02:24 / Allies) G2390GY329GAP03: K MASS RUSH
(02:30 / Allies) G2390GY329GAP03: I GOT 4 CRYPTS
(02:32 / Allies) G2390GY329GAP03: PUMPING GHOULS
(02:41 / Allies) Shaman_Noodles: thatta boy
(02:41 / Allies) G2390GY329GAP03: ALL OUT RUSH
(02:49 / Allies) K1LL: eh
(02:52 / Allies) K1LL: ghouls?
(02:54 / Allies) G2390GY329GAP03: GO BIG
(03:02 / Allies) K1LL: they will get so much exp
(03:09 / Allies) G2390GY329GAP03: NOT UNLESS WE ALL RUSH
(03:26 / Allies) G2390GY329GAP03: PICK UP
(03:28 / Allies) G2390GY329GAP03: SKELLY STICK
(03:33 / Allies) chuchoelroto: i have
(03:33 / Allies) G2390GY329GAP03: GREENA ND PINK
(03:40 / Allies) K1LL: will do
(03:46 / Allies) G2390GY329GAP03: GO BIG OR GO HOME
(03:50 / Allies) G2390GY329GAP03: UPGRADING GHOULS
(03:54 / Allies) G2390GY329GAP03: 2 ARMY GHOULS
(04:09 / Allies) Shaman_Noodles: keep sending units throughout the rush
(04:20 / Allies) G2390GY329GAP03: YES
(04:21 / Allies) G2390GY329GAP03: GODL ME THEN
(04:24 / Allies) G2390GY329GAP03: GOLD ME FFS
(04:31 / Allies) G2390GY329GAP03: CANT PUMP
(04:36 / Allies) K1LL: we need gold too
(04:39 / Allies) chuchoelroto: hit now
(04:46 / Allies) G2390GY329GAP03: NOT YET
(04:49 / Allies) G2390GY329GAP03: MEET
(05:12 / Allies) G2390GY329GAP03: MEET
(05:21 / Allies) Shaman_Noodles: gogogo
(05:25 / Allies) K1LL: got defend green?
(05:43 / Allies) Shaman_Noodles: keep sending units
(05:51 / Allies) G2390GY329GAP03: MAIN
(05:51 / Allies) G2390GY329GAP03: MAIN
(05:56 / Allies) Shaman_Noodles: thatws game
(05:56 / All) G2390GY329GAP03: HI DUDE
(05:57 / All) Shaman_Noodles: gg
(05:58 / All) G2390GY329GAP03: LOL
(05:58 / All) G2390GY329GAP03: WTF
(06:00 / All) XxDodgemanxX: bser
(06:02 / Allies) K1LL: wtf
(06:02 / All) XxDodgemanxX: yellow
(06:04 / All) Shaman_Noodles: yeah we know
(06:04 / All) G2390GY329GAP03: LOL YELLOW
(06:07 / All) MariahCarey: i did it for purple
(06:10 / All) G2390GY329GAP03: THANK YOU
(06:13 / All) XxDodgemanxX: why for purple..
(06:14 / All) G2390GY329GAP03: I LOVE YOU I WAS GONA BACKSTAB THIS GAME
(06:21 / All) MariahCarey: i like ur style
(06:26 / All) Shaman_Noodles: its true
(06:28 / All) XxDodgemanxX: you guys are friend?
(06:31 / All) Shaman_Noodles: purp held us at gun point
(06:34 / All) G2390GY329GAP03: BLUE STOP
(06:36 / All) G2390GY329GAP03: WTF
(06:38 / Allies) G2390GY329GAP03: BLUE
(06:40 / All) G2390GY329GAP03: FUCK
(06:44 / All) G2390GY329GAP03: IM BACKSTABBING NOWP
(06:46 / Allies) chuchoelroto: sry
(06:48 / All) G2390GY329GAP03: FUCKING SHIT
(06:50 / All) Shaman_Noodles: OMFG
(06:53 / All) G2390GY329GAP03: FUCK THIS SHIT
(06:54 / Allies) K1LL: lol
(06:55 / All) G2390GY329GAP03: BLUE UR DEAD
(06:57 / Allies) chuchoelroto: dude
(06:59 / All) G2390GY329GAP03: BLUE UR DEAD DUDE
(07:00 / Allies) chuchoelroto: accident
(07:02 / All) G2390GY329GAP03: U TRIED TO KILL MY HERO
(07:05 / All) G2390GY329GAP03: UR MAIN IS NO MORE
(07:07 / All) Shaman_Noodles: kill blue and then leave us we did nothing

(08:13 / All) G2390GY329GAP03: BLUE FUCK OFF
(08:18 / Allies) chuchoelroto: ya
(08:19 / All) G2390GY329GAP03: YOU BITCH
(08:21 / Allies) chuchoelroto: elf weak
(08:30 / Allies) chuchoelroto: toldu was accident
(08:31 / All) G2390GY329GAP03: BLUES BASE IS DONE NOW
(08:34 / All) G2390GY329GAP03: FUCK THIS KID
(08:43 / All) G2390GY329GAP03: TRY TO GO FOR MY MAIN
(08:54 / All) G2390GY329GAP03: MARIAH I LOVE YOU
(08:55 / Allies) G2390GY329GAP03: JUST TOWER UP
(09:02 / All) G2390GY329GAP03: MARIAH TOWER UP
(09:04 / All) G2390GY329GAP03: I'LL DO THE REST
(09:10 / All) XxDodgemanxX: ?
(09:18 / All) XxDodgemanxX: talkin to me?
(09:18 / All) G2390GY329GAP03: DID SHE LEAVE
(09:20 / All) G2390GY329GAP03: OMFG WHY
(09:21 / Allies) Shaman_Noodles: purp we didnt do anything to you
(09:24 / All) XxDodgemanxX: its okay
(09:27 / All) XxDodgemanxX: i towered up
(09:28 / All) XxDodgemanxX: with her
(09:29 / All) XxDodgemanxX: lol
(09:53 / All) Shaman_Noodles: hey purp ill help you kill blue if you leave me alone
(10:03 / Allies) K1LL: stop purp
(10:04 / Allies) K1LL: green
(10:05 / Allies) K1LL: repair
(10:07 / Allies) K1LL: I'm coming
(10:28 / All) XxDodgemanxX: omg blue
(10:30 / All) XxDodgemanxX: kill my shop
(10:35 / All) G2390GY329GAP03: LOL
(10:37 / All) G2390GY329GAP03: GREEN'S MAIN I S NO MORE
(10:40 / All) XxDodgemanxX: not my shop
(10:41 / All) G2390GY329GAP03: GREEN'S MAIN IS NO MORE
(10:59 / All) Shaman_Noodles: okay purp you're out bitch
(11:05 / All) XxDodgemanxX: purple
(11:05 / All) G2390GY329GAP03: GOLD ME
(11:07 / All) XxDodgemanxX: kil lthem all
(11:07 / All) XxDodgemanxX: Lol
(11:08 / All) G2390GY329GAP03: GOLD ME OR ELSE
(11:11 / All) G2390GY329GAP03: red
(11:11 / Allies) K1LL: shut the fuck up purp
(11:13 / All) G2390GY329GAP03: in all seriousness
(11:14 / All) XxDodgemanxX: ?
(11:17 / All) G2390GY329GAP03: im from eden
(11:20 / All) G2390GY329GAP03: jus hate akira
(11:23 / All) G2390GY329GAP03: and grape
(11:23 / All) Shaman_Noodles: purp is dead lmao
(11:25 / All) G2390GY329GAP03: i'l'l give u this win
(11:29 / All) XxDodgemanxX: i was in eden
(11:30 / All) XxDodgemanxX: ty
(11:32 / All) XxDodgemanxX: if u can
(11:52 / All) G2390GY329GAP03: help
(12:00 / All) XxDodgemanxX: kk
(12:31 / All) G2390GY329GAP03: stop
(12:32 / All) G2390GY329GAP03: i'll stop
(12:39 / All) G2390GY329GAP03: if i survive this
(12:40 / Allies) Shaman_Noodles: fuck that dumbass
(12:51 / All) G2390GY329GAP03: you are dead
(12:53 / All) G2390GY329GAP03: if i survive this
(12:56 / All) G2390GY329GAP03: LOL
(13:04 / Allies) Shaman_Noodles: ur a noob
(13:05 / All) XxDodgemanxX: dont u die on me purple
(13:16 / Allies) Shaman_Noodles: learn how to play the game purp
(13:19 / All) G2390GY329GAP03: im trying
(13:21 / All) Shaman_Noodles: lol hes been dead
(13:25 / All) G2390GY329GAP03: red
(13:28 / All) G2390GY329GAP03: plz jus promise me
(13:35 / Allies) K1LL: stfu purp
(13:37 / All) G2390GY329GAP03: to hate akira and grape
(13:39 / All) G2390GY329GAP03: in eden
(13:39 / All) G2390GY329GAP03: k?
(13:43 / All) G2390GY329GAP03: i'm giving you this win
(13:47 / All) XxDodgemanxX: u are akira
(13:49 / All) XxDodgemanxX: stfu lol
(13:51 / All) Shaman_Noodles: why would you encourage a bser like the one who just fucked your team red
(14:03 / All) G2390GY329GAP03: blue fucking sgtop
(14:04 / All) Shaman_Noodles: thats the shit that annoys me
(14:05 / All) XxDodgemanxX: cuz i always get bsed
(14:10 / All) XxDodgemanxX: i wanna actually win
(14:17 / All) XxDodgemanxX: i was 25-2
(14:19 / All) Shaman_Noodles: yeah so dont let purp fuck us
(14:21 / All) XxDodgemanxX: now im 25-22
(14:23 / All) XxDodgemanxX: or something
(14:24 / All) Shaman_Noodles: then the bser wins
(14:29 / All) XxDodgemanxX: 35-22*
(14:39 / All) Shaman_Noodles: if you want wins like that
(14:41 / All) Shaman_Noodles: then at with me
(14:47 / All) XxDodgemanxX: u good?
(14:52 / All) Shaman_Noodles: hella yeah
(15:01 / All) XxDodgemanxX: alright
(15:02 / All) Shaman_Noodles: almost all my losses are discs and bser
(15:04 / All) XxDodgemanxX: we will try it
(15:21 / All) G2390GY329GAP03: lol
(15:23 / All) G2390GY329GAP03: this is fun
(15:26 / All) G2390GY329GAP03: its like 1v3
(15:28 / All) G2390GY329GAP03: funny sht
(15:58 / All) K1LL: wow....
(16:01 / Allies) chuchoelroto: sad for us that green sucks
(16:04 / All) skillz19: im a master lol
(16:04 / All) Shaman_Noodles: well there you have it
(16:07 / All) G2390GY329GAP03: LOL
(16:07 / All) Shaman_Noodles: bser wins
(16:10 / All) XxDodgemanxX: LOL
(16:12 / Allies) Shaman_Noodles: no dumbass blue
(16:13 / All) G2390GY329GAP03: YOU GUYS FOCUSED
(16:14 / All) G2390GY329GAP03: WAY TOO MUCH
(16:16 / All) G2390GY329GAP03: ON ME
(16:18 / All) G2390GY329GAP03: I WAS GONA STOP
(16:20 / All) skillz19: if i had yellow base i could have 3v4 u guys :P
(16:20 / All) G2390GY329GAP03: BUT U
(16:24 / All) Shaman_Noodles: no
(16:26 / All) G2390GY329GAP03: DIDNT LISGTEN
(16:30 / All) K1LL: fuck you purple
(16:37 / All) XxDodgemanxX: hey we got bsed too
(16:38 / All) K1LL: you fucking faggot assmother fucker
(16:49 / All) G2390GY329GAP03: LOL
(16:52 / All) K1LL: jesus christ get a fucking life dude
(16:54 / All) K1LL: fuck you
(16:55 / All) G2390GY329GAP03: DUDE
(16:57 / All) G2390GY329GAP03: WHY U SO MAD
(17:01 / All) G2390GY329GAP03: BLUE STARTED THIS
(17:05 / All) G2390GY329GAP03: JUST SAYING
(17:06 / All) K1LL: shut the fucking up you fucking homo
(17:07 / All) XxDodgemanxX: dont hate the player hate the game
(17:09 / All) G2390GY329GAP03: lol
(17:10 / All) G2390GY329GAP03: LOL
(17:12 / All) Shaman_Noodles: hey red
(17:13 / All) XxDodgemanxX: lol
(17:17 / All) XxDodgemanxX: ?
(17:22 / All) Shaman_Noodles: dont finish us till purp leaves
(17:27 / All) G2390GY329GAP03: lol
(17:28 / All) XxDodgemanxX: he wont leave
(17:29 / All) G2390GY329GAP03: LOL
(17:31 / All) XxDodgemanxX: and hes in my clan
(17:36 / All) XxDodgemanxX: i think hes shaman
(17:36 / All) G2390GY329GAP03: no im not
(17:38 / All) G2390GY329GAP03: listen you tard
(17:40 / All) G2390GY329GAP03: im not akira
(17:42 / All) XxDodgemanxX: lol
(17:44 / All) K1LL: kill that fucking faggot ass bitch
(17:44 / All) G2390GY329GAP03: im doing u a favor
(17:45 / All) XxDodgemanxX: yes u are
(17:47 / All) G2390GY329GAP03: i hate akira and grape
(17:51 / All) Shaman_Noodles: well
(17:52 / All) K1LL: I dont give a fuck for losing
(17:54 / All) Shaman_Noodles: that explains everything
(17:55 / All) K1LL: just fucking kill purple
(18:09 / All) Shaman_Noodles: too bad, kids like you ruin warcraft 3
(18:20 / All) XxDodgemanxX: yea
(18:21 / All) Shaman_Noodles: its an old school game that no one plays
(18:24 / All) Shaman_Noodles: because of you fags
(18:28 / All) K1LL: please kill purple
(18:30 / All) Shaman_Noodles: thats the true sad story
(18:32 / All) K1LL: what are yall waiting for
(18:32 / All) G2390GY329GAP03: I TOLD U
(18:36 / All) G2390GY329GAP03: NOT TO FUCK WITH ME MAYNE
(18:41 / All) skillz19: ill rape u 3v1 shamannoodle go get 2 friends
(18:42 / All) G2390GY329GAP03: I AM THE ONLY MAN ALIVE
(18:46 / All) K1LL: I';m going to follow your fucking faggot ass purple
(18:47 / All) G2390GY329GAP03: COME TO CLAN EDEN
(18:50 / All) Shaman_Noodles: well dodgeman
(18:50 / All) K1LL: I'm going to hunt you down
(18:53 / All) K1LL: like fucking hell
(18:54 / All) XxDodgemanxX: ?
(18:56 / All) G2390GY329GAP03: COME TO CLAN EDEN
(18:58 / All) K1LL: I'm going to make your dad rape you
(19:01 / All) Shaman_Noodles: you just lost the best at partner you
(19:05 / All) Shaman_Noodles: have ever had
(19:08 / All) K1LL: I'm going to rape your mom after I tie you up
(19:09 / All) XxDodgemanxX: idk bout that
(19:14 / All) XxDodgemanxX: my at partner now has 15000 games
(19:15 / All) K1LL: and I'm going to fucking kill her
(19:16 / All) XxDodgemanxX: on his account
(19:19 / All) G2390GY329GAP03: COEM TO CLAN EDEN
(19:21 / All) K1LL: then I will fucking kill you
(19:22 / Allies) K1LL: fuck yopu
(19:26 / All) K1LL: burn in hell
(19:29 / All) Shaman_Noodles: if you dont know who that is, you dont know your shit
(19:35 / All) K1LL: You're fucking dead purple
(19:37 / All) XxDodgemanxX: sounds shitty
(19:40 / All) skillz19: im better than showtime
(19:40 / All) Shaman_Noodles: have the replays and everything
(19:46 / All) Shaman_Noodles: no
(19:48 / All) Shaman_Noodles: you arent
(19:52 / All) skillz19: i been playing and raping before their time
(19:53 / All) G2390GY329GAP03: BLUE STARTED THIS
(19:54 / All) K1LL: fuck you purple
(19:58 / All) G2390GY329GAP03: HE STARTED KILILNG ME
(19:58 / All) K1LL: fuck you
(20:00 / All) Shaman_Noodles: as have i, teal
(20:02 / All) K1LL: you fucking faggot ass bitch
(20:07 / All) K1LL: fucking go to hell
(20:09 / All) K1LL: faggot
(20:11 / All) Shaman_Noodles: ive been ranked top 50 for all 3 seasons...
(20:22 / All) K1LL: I'm going to rape your family
(20:22 / All) G2390GY329GAP03: KILL BLUE
(20:25 / All) K1LL: and burn them all
(20:26 / All) K1LL: faggot
(20:27 / All) K1LL: stfu
(20:29 / All) G2390GY329GAP03: KILL BLUE NOW
(20:35 / All) K1LL: suck my dick bitch
(20:36 / All) K1LL: stfu
(20:40 / All) K1LL: you fucking piece of shit
(20:51 / All) XxDodgemanxX: woah
(20:55 / All) XxDodgemanxX: why is there 4 rifles at your base
(20:56 / All) XxDodgemanxX: teal
(20:58 / All) G2390GY329GAP03: PINK WHY ARE U SO ANGRY
(20:59 / All) XxDodgemanxX: that are mine
(21:09 / All) XxDodgemanxX: idk
(21:10 / All) XxDodgemanxX: w
(21:12 / All) G2390GY329GAP03: KILL BLUE
(21:13 / All) G2390GY329GAP03: DONT KILL ME
(21:14 / All) G2390GY329GAP03: KILL BLUE
(21:15 / All) K1LL: the little mother fucker expod in yellows old base
(21:17 / All) G2390GY329GAP03: KILL BLE PLZ
(21:18 / All) K1LL: stfu purple
(21:20 / All) G2390GY329GAP03: I MUST KILL HIS HERO
(21:21 / All) K1LL: you fucking piece of shit
(21:23 / All) K1LL: fuck you
(21:26 / All) K1LL: shut the fuck up
(21:26 / All) G2390GY329GAP03: red
(21:27 / All) G2390GY329GAP03: dont
(21:29 / All) K1LL: shut
(21:30 / All) K1LL: the
(21:30 / All) G2390GY329GAP03: i fucking gave u this win lol
(21:31 / All) K1LL: up
(21:32 / All) K1LL: purple
(21:33 / All) K1LL: faggot
(21:33 / All) XxDodgemanxX: its over anyways
(21:37 / All) K1LL: shut
(21:38 / All) K1LL: the
(21:39 / All) K1LL: fuck
(21:39 / All) K1LL: up
(21:40 / All) K1LL: burn
(21:40 / All) K1LL: in
(21:41 / All) G2390GY329GAP03: BLUE MUST DIE
(21:41 / All) K1LL: hell
(21:42 / All) K1LL: faggot
(21:43 / All) K1LL: ass
(21:45 / All) K1LL: bitch
(21:47 / All) G2390GY329GAP03: HE KILLED ME FIRST
(21:50 / All) K1LL: shut
(21:50 / All) K1LL: the
(21:51 / All) K1LL: fuck up
(21:52 / All) G2390GY329GAP03: READ THE CHATLOG
(21:57 / All) G2390GY329GAP03: HE SAYS ITS "MISCLICK"
(21:58 / All) K1LL: I am seriously going to rape your family
(22:05 / All) K1LL: and burn them all
(22:07 / All) K1LL: fuck you
(22:10 / All) K1LL: fuck you
(22:11 / All) K1LL: fuck you
(22:12 / All) K1LL: fuck
(22:13 / All) K1LL: you
(22:14 / All) G2390GY329GAP03: LOL
(22:14 / All) K1LL: fuck you
(22:16 / All) K1LL: fuck you